 Dungeon Sprint DCSS version 0.29.1-2-gbd0b4ee654 (webtiles) character file.

Game seed: 6626994793719198733

6591 Zeld the Severer (level 10, -1/104 HPs)
             Began as a Minotaur Berserker on Oct 27, 2022.
             Was the Champion of Trog.
             Succumbed to an emperor scorpion's poison
             ... in the Dungeon (Sprint VII: "The Pits").
             The game lasted 00:02:44 (1854 turns).

Zeld the Severer (Minotaur Berserker)               Turns: 1854, Time: 00:02:45

Health: -1/104     AC: 22    Str: 26    XL:     10   Next: 71%
Magic:  3/3        EV: 11    Int:  4    God:    Trog [******]
Gold:   0          SH:  0    Dex: 10    Spells: 9/9 levels left

rFire   . . .      SeeInvis .   a - +3 battleaxe (antimagic)
rCold   . . .      Faith    .   (shield currently unavailable)
rNeg    . . .      Spirit   .   b - +2 plate armour
rPois   .          Reflect  .   k - +2 hat
rElec   .          Harm     .   (no cloak)
rCorr   .          Rampage  .   (no gloves)
Will    .....      NoTele   +   n - +0 pair of boots
Stlth   ..........              (no amulet)
HPRegen 0.27/turn               (no ring)
MPRegen 0.08/turn               (no ring)

@: lethally poisoned (-1 -> -12), on berserk cooldown, slowed, very slow
A: horns 2, retaliatory headbutt
a: Renounce Religion, Berserk, Trog's Hand, Brothers in Arms


You were in the Dungeon.
You worshipped Trog.
Trog was exalted by your worship.
You visited 1 branch

Inventory:

Hand Weapons
 a - a +3 antimagic battleaxe (weapon)
Armour
 b - a +2 plate armour (worn)
 k - a +2 hat (worn)
 n - a +0 pair of boots (worn)
Jewellery
 l - a +3 ring of strength
 m - a +3 ring of evasion
Scrolls
 h - a scroll of blinking
 j - a scroll of summoning
Potions
 c - 9 potions of curing
 d - 12 potions of heal wounds
 e - 2 potions of haste
 f - 4 potions of magic
 g - 3 potions of berserk rage
 i - 2 potions of invisibility
 o - a potion of mutation


   Skills:
 + Level 14.3 Fighting
 * Level 19.4 Axes
 + Level 14.1 Armour
 + Level 13.0 Dodging


You had 9 spell levels left.
You didn't know any spells.
Your spell library was empty.

Dungeon Overview and Level Annotations

Branches:
Dungeon (1/1)

Altars:
Ashenzari
Cheibriados
Dithmenos
Elyvilon
Fedhas
Gozag
Hepliaklqana
Kikubaaqudgha
Makhleb
Nemelex Xobeh
Okawaru
Qazlal
Ru
Sif Muna
Trog
Uskayaw
Vehumet
Wu Jian
Xom
Yredelemnul
Zin
The Shining One
Jiyva
Lugonu


Innate Abilities, Weirdness & Mutations

You have a pair of horns on your head.
You reflexively headbutt those who attack you in melee.


Message History

Unknown command.
You slice the orc knight!!
The orc knight is heavily wounded.
You hit the orc warrior.
You feel sick.
The orc knight hits you with a +2 vorpal dire flail!
* * * LOW HITPOINT WARNING * * *
x2 The orc warrior hits you with a +0 long sword!
* * * LOW HITPOINT WARNING * * *
You slice the orc knight!! You headbutt the orc knight.
You kill the orc knight!
Trog accepts your kill.
You slice the orc warrior!!
* * * LOW HITPOINT WARNING * * *
You feel very sick.
Your Armour skill increases to level 14!
Your Dodging skill increases to level 13!
Unknown command.
You barely miss the orc warrior.
The orc warrior is almost dead.
* * * LOW HITPOINT WARNING * * *
You feel sick.
The orc warrior hits you with a +0 long sword!
* * * LOW HITPOINT WARNING * * *
Unknown command.
You closely miss the orc warrior. You headbutt the orc warrior.
You kill the orc warrior!
Trog accepts your kill.
* * * LOW HITPOINT WARNING * * *
You feel very sick.
Unknown command.
Unknown command.
* * * LOW HITPOINT WARNING * * *
You feel sick.
You feel a strong urge to attack something.
* * * LOW HITPOINT WARNING * * *
You feel very sick.
You are no longer berserk.
You are exhausted.
You feel yourself slow down.
You die...

###'#####''######
.......##''# ##### ####
.......##..###...# #..'
.......##.).##...##..#
...<...###...##'##..##
.......# ##..........##
.......###..###'###...# #
.......##..##..)).##†.#...#
#########..'..))@..)).'...'
#########..##.....##).#...#
..#..[)###..###'###...# '##
..#..[[# ##†.........## .
..'..))# #...##'##..##
..#..).##...##...# ..#
..#!.))##..###...# ..o
########### ##### ##


There were no monsters in sight!

Vanquished Creatures
  Gastronok (D)
  An emperor scorpion (D)
  A phantasmal warrior (D)
  A lindwurm (D)
  A deep elf zephyrmancer (D)
  An orc knight (D)
  A black mamba (D)
  An unseen horror (D)
  Prince Ribbit (D)
  A hornet (D)
  A spriggan (D)
  2 flying skulls (D)
  A shadow (D)
  A redback (D)
  A steam dragon (D)
  A floating eye (D)
  2 orc warriors (D)
  A black bear (D)
  A sky beast (D)
  2 bullfrogs (D)
  A small abomination (D)
  An earth elemental (D)
  2 scorpions (D)
  3 killer bees (D)
  A crimson imp (D)
  An orc wizard (D)
  A gnoll (D)
  3 adders (D)
  4 ufetubi (D)
  An adder zombie (D)
  An adder skeleton (D)
  6 orcs (D)
  4 jackals (D)
  A quokka (D)
  A ball python (D)
  A giant cockroach zombie (D)
  A goblin (D)
56 creatures vanquished.

Notes
Turn   | Place    | Note
-------+----------+-------------------------------------------
     0 | D        | Zeld the Minotaur Berserker began the quest for the Orb.
     0 | D        | Reached XP level 1. HP: 19/19 MP: 0/0
    17 | D        | Noticed a hornet
    17 | D        | Noticed a spriggan
    23 | D        | Reached skill level 4 in Axes
    25 | D        | Killed a hornet
    26 | D        | Reached skill level 9 in Axes
    26 | D        | Reached skill level 5 in Dodging
    26 | D        | Reached XP level 2. HP: 33/34 MP: 1/1
    26 | D        | Reached XP level 3. HP: 38/39 MP: 2/2
    26 | D        | Reached XP level 4. HP: 46/47 MP: 3/3
    26 | D        | Reached XP level 5. HP: 51/52 MP: 4/4
   194 | D        | Reached ** piety under Trog
   195 | D        | Reached skill level 10 in Axes
   200 | D        | Found a bloodstained altar of Trog.
   200 | D        | Found a shimmering blue altar of Sif Muna.
   200 | D        | Found a viscous altar of Jiyva.
   200 | D        | Found a hazy altar of Hepliaklqana.
   200 | D        | Found an opulent altar of Gozag.
   201 | D        | Found a glowing golden altar of the Shining One.
   201 | D        | Found a glowing silver altar of Zin.
   201 | D        | Found a basalt altar of Yredelemnul.
   201 | D        | Found a shimmering altar of Xom.
   201 | D        | Found an ornate altar of the Wu Jian Council.
   201 | D        | Found a sacrificial altar of Ru.
   201 | D        | Found a stormy altar of Qazlal.
   201 | D        | Found an iron altar of Okawaru.
   201 | D        | Found a sparkling altar of Nemelex Xobeh.
   201 | D        | Found a burning altar of Makhleb.
   201 | D        | Found a blossoming altar of Fedhas.
   201 | D        | Found a white marble altar of Elyvilon.
   201 | D        | Found a shadowy altar of Dithmenos.
   201 | D        | Found a snail-covered altar of Cheibriados.
   279 | D        | Found a radiant altar of Vehumet.
   279 | D        | Found a corrupted altar of Lugonu.
   280 | D        | Found an ancient bone altar of Kikubaaqudgha.
   280 | D        | Found a hide-covered altar of Uskayaw.
   280 | D        | Found a broken altar of Ashenzari.
   326 | D        | Reached XP level 6. HP: 56/60 MP: 5/5
   351 | D        | Reached *** piety under Trog
   362 | D        | Reached **** piety under Trog
   555 | D        | Noticed a flying skull
   562 | D        | Reached ***** piety under Trog
   567 | D        | Killed a flying skull
   568 | D        | Reached skill level 11 in Axes
   568 | D        | Noticed a floating eye
   571 | D        | Reached XP level 7. HP: 69/69 MP: 6/6
   576 | D        | Reached skill level 12 in Axes
   577 | D        | Received a gift from Trog
   727 | D        | Noticed a steam dragon
   730 | D        | Killed a steam dragon
   731 | D        | Reached skill level 13 in Axes
   778 | D        | Noticed Prince Ribbit
   783 | D        | Reached skill level 10 in Fighting
   793 | D        | Killed Prince Ribbit
   794 | D        | Reached skill level 10 in Armour
   794 | D        | Reached XP level 8. HP: 80/80 MP: 7/7
   892 | D        | Noticed Gastronok
   908 | D        | Reached skill level 14 in Axes
   924 | D        | Killed Gastronok
   924 | D        | Reached ****** piety under Trog
   925 | D        | Reached skill level 15 in Axes
   925 | D        | Reached skill level 10 in Dodging
   925 | D        | Reached XP level 9. HP: 90/90 MP: 8/8
  1145 | D        | Reached skill level 16 in Axes
  1146 | D        | Noticed a phantasmal warrior
  1147 | D        | Noticed a deep elf zephyrmancer
  1147 | D        | Noticed a lindwurm
  1150 | D        | Received a gift from Trog
  1155 | D        | Killed a phantasmal warrior
  1156 | D        | Killed a deep elf zephyrmancer
  1157 | D        | Reached skill level 17 in Axes
  1160 | D        | Killed a lindwurm
  1160 | D        | Received a gift from Trog
  1161 | D        | Reached XP level 10. HP: 101/101 MP: 9/9
  1313 | D        | Reached skill level 18 in Axes
  1592 | D        | Noticed a black mamba
  1595 | D        | Killed a black mamba
  1832 | D        | Noticed an emperor scorpion
  1835 | D        | Noticed an orc knight
  1839 | D        | Received a gift from Trog
  1844 | D        | Killed an emperor scorpion
  1845 | D        | Reached skill level 19 in Axes
  1849 | D        | Killed an orc knight
  1851 | D        | HP: 6/154 [poisoned by an emperor scorpion]
  1853 | D        | HP: 2/156 [poisoned by an emperor scorpion]
  1854 | D        | Succumbed to an emperor scorpion's poison

Illustrated notes

Levels and vault maps discovered:
D:        pitsprint [storerooms_1, entrance_room_1, metal_vault_5, armoury_3,
          mini_pit_1, grid_room_1, main_hall_1, silver_pit, the_coven_2,
          the_vestibule_1, steel_vault_4, golden_pit, hallway_of_sentries,
          crystal_vault_2, iron_vault_1, final_vault]

Skill      XL: |  1  2  3  4  5  6  7  8  9 10 |
---------------+-------------------------------+-----
Fighting       | 7 8 10 11 13 14 | 14.3
Axes           | 9 10 11 13 15 17 19 | 19.4
Armour         | 6 7 8 10 11 12 14 | 14.1
Dodging        | 5 6 7 9 10 11 13 | 13.0

Action                   |  1- 3 |  4- 6 |  7- 9 | 10-12 || total
-------------------------+-------+-------+-------+-------++-------
Melee: Hand axe          |     4 |    28 |    61 |       ||    93
       Headbutt          |       |     5 |    10 |    10 ||    25
       Punch             |       |     1 |       |       ||     1
       Broad axe         |       |       |    15 |       ||    15
       Battleaxe         |       |       |       |    44 ||    44
Invok: Berserk           |     1 |     1 |     4 |     1 ||     7
Armor: Animal skin       |       |     5 |       |       ||     5
       Plate armour      |       |    11 |    26 |    77 ||   114
Dodge: Dodged            |     3 |    24 |    24 |    18 ||    69
